 Dungeon Crawl Stone Soup version 0.30-a0-347-gf58ed5266c (webtiles) character file.

Game seed: 5237726008996995875

25 HolyTactitian the Chiller (level 3, -1/24 HPs)
             Began as a Merfolk Ice Elementalist on Nov 6, 2022.
             Slain by an ogre
             ... wielding a +0 giant club
              (25 damage)
             ... on level 3 of the Dungeon.
             The game lasted 00:19:56 (1702 turns).

HolyTactitian the Chiller (MfIE)                    Turns: 1702, Time: 00:19:57

Health: -1/24      AC:  4    Str:  8    XL:     3   Next: 6%
Magic:  1/6        EV: 12    Int: 16    God:
Gold:   148        SH:  0    Dex: 14    Spells: 2/6 levels left

rFire   . . .      SeeInvis .    f - +0 spear
rCold   . . .      Faith    .    (no shield)
rNeg    . . .      Spirit   .    k - +0 leather armour
rPois   .          Reflect  .    l - +0 helmet
rElec   .          Harm     .    (no cloak)
rCorr   .          Rampage  .    (no gloves)
Will    .....                    (no boots)
Stlth   ++........               (no amulet)
HPRegen 0.24/turn                r - ring of flight
MPRegen 0.10/turn                (no ring)

@: flying
A: (nimble swimmer 2), mertail
a: no special abilities


You were on level 3 of the Dungeon.
You visited 1 branch of the dungeon, and saw 3 of its levels.

You collected 148 gold pieces.

Inventory:

Hand Weapons
 f - a +0 spear (weapon)
Missiles
 d - 2 atropa-tipped darts
 g - 9 stones
Armour
 a - a +0 robe
 k - a +0 leather armour (worn)
 l - a +0 helmet (worn)
 o - a +0 scale mail
Jewellery
 r - a ring of flight (left hand)
Scrolls
 c - 2 scrolls of identify {unknown}
 h - a scroll of blinking {unknown}
 i - a scroll of amnesia {unknown}
 j - a scroll of enchant weapon {unknown}
 m - a scroll of teleportation {unknown}
 q - a scroll of enchant armour {unknown}
Potions
 b - a potion of magic
 e - a potion of flight {unknown}
 n - a potion of attraction {unknown}
 p - 4 potions of curing {unknown}


   Skills:
 + Level 0.8 Polearms
 + Level 3.1 Dodging
 + Level 2.2 Stealth
 + Level 0.2 Unarmed Combat
 + Level 2.1 Spellcasting
 + Level 5.0 Ice Magic


You had 2 spell levels left.
You knew the following spells:

 Your Spells              Type           Power      Damage    Failure   Level
a - Freeze                Ice            68%        1d8       3%          1
b - Frozen Ramparts       Ice            34%        1d6       12%         3

Your spell library contained the following spells:

 Spells                   Type           Power      Damage    Failure   Level
 Ensorcelled Hibernation  Hex/Ice        18%        N/A       16%         2
 Passwall                 Tmut/Erth      0%         N/A       41%         2
 Ozocubu's Armour         Ice            17%        N/A       12%         3
 Swiftness                Air            1%         N/A       65%         3
 Summon Ice Beast         Ice/Summ       9%         N/A       71%         4


Dungeon Overview and Level Annotations

Branches:
Dungeon (3/15)

Altars:


Innate Abilities, Weirdness & Mutations

((You are very nimble when in or above water. (Stealth+, EV+, Speed+++)))
Your lower body shifts to a powerful aquatic tail in water.


Message History

You start memorising the spell.
You continue memorising.
The ogre misses you.
You continue memorising. x2
The ogre misses you.
You finish memorising.
Spell assigned to 'b'.
You hit the ogre.
The ogre is lightly wounded.
The ogre closely misses you.
Unknown command.
Aiming: Freeze (safe; 3% risk of failure)
Press: ? - help, Q - select action, (/) - cycle Shift-Dir - straight line, f - ogre
Aim: an ogre, wielding a +0 giant club (lightly wounded)
You freeze the ogre.
The ogre is moderately wounded.
Aiming: Freeze (safe; 3% risk of failure)
Press: ? - help, Q - select action, (/) - cycle Shift-Dir - straight line, f/p - ogre
Aim: an ogre, wielding a +0 giant club (moderately wounded)
You freeze the ogre.
The ogre is heavily wounded.
The ogre misses you.
Aiming: Freeze (safe; 3% risk of failure)
Press: ? - help, Q - select action, (/) - cycle Shift-Dir - straight line, f/p - ogre
Aim: an ogre, wielding a +0 giant club (heavily wounded)
You freeze the ogre!
The ogre is severely wounded.
The ogre barely misses you.
Aiming: Freeze (safe; 3% risk of failure)
Press: ? - help, Q - select action, (/) - cycle Shift-Dir - straight line, f/p - ogre
Aim: an ogre, wielding a +0 giant club (severely wounded)
You freeze the ogre.
The ogre is severely wounded.
Unknown command.
Aiming: Freeze (safe; 3% risk of failure)
Press: ? - help, Q - select action, (/) - cycle Shift-Dir - straight line, f/p - ogre
Aim: an ogre, wielding a +0 giant club (severely wounded)
You freeze the ogre.
The ogre is almost dead.
The ogre hits you with a +0 giant club!!
Ouch! That really hurt!
You die...

### #.# #.# #
#@# #..####O#
#......#
#####..###
#....#
######.#.###
#..........###
#........<...#
............#.#


You could see an ogre.

Vanquished Creatures
  2 ball pythons (D:1)
  4 endoplasms
  A giant cockroach (D:1)
  A goblin (D:1)
  6 hobgoblins
  A quokka (D:1)
  3 bats
  2 frilled lizards
  3 rats
23 creatures vanquished.

Notes
Turn   | Place    | Note
-------+----------+-------------------------------------------
     0 | D:1      | HolyTactitian the Merfolk Ice Elementalist began the quest
                  | for the Orb.
     0 | D:1      | Reached XP level 1. HP: 13/13 MP: 3/3
   257 | D:1      | Reached XP level 2. HP: 11/19 MP: 5/5
  1154 | D:2      | Reached XP level 3. HP: 13/24 MP: 6/6
  1336 | D:2      | Reached skill level 5 in Ice Magic
  1689 | D:3      | Noticed an ogre
  1697 | D:3      | Learned a level 3 spell: Frozen Ramparts
  1702 | D:3      | Slain by an ogre

Illustrated notes

Levels and vault maps discovered:
D:1:      lightli_arrival_noodles, layout_rooms, minmay_pentomino_o4
D:2:      layout_basic, minmay_liquid_box
D:3:      layout_rooms, portal_sewer_entry_f

Skill      XL: |  1  2  3 |
---------------+----------+-----
Dodging        | 3 |  3.1
Ice Magic      | 5 |  5.0
Polearms       | |  0.8
Stealth        | |  2.2
Unarmed Combat | |  0.2
Spellcasting   | |  2.1

Action                   || total
-------------------------++-------
Melee: Spear             ||    78
       Unarmed           ||     7
Throw: Dart              ||     5
 Cast: Freeze            ||     9
Armor: Robe              ||     5
       Scale mail        ||    18
       Leather armour    ||    13
Dodge: Dodged            ||    46

Table legend: (Time is in decaauts)
 A = Elapsed time spent in this place.
 B = Non-inter-level travel time spent in this place.
 C = Inter-level travel time spent in this place.
 D = Time resting spent in this place.
 E = Time spent auto-exploring this place.
 F = Levels seen in this place.
 G = Mean time per level.
                   A        B        C        D        E       F      G
               +--------+--------+--------+--------+--------+-----+--------+
         Total |   1707 |   1704 |      3 |    177 |      0 |   3 |  569.0 |
       Dungeon |   1707 |   1704 |      3 |    177 |      0 |   3 |  569.0 |
               +--------+--------+--------+--------+--------+-----+--------+

Top non-repeatable levels by time:
     D:2: 911 daAuts
     D:1: 768 daAuts
     D:3: 27 daAuts
